cohdb
Replays
Latest Replays
All Replays
Popular Replays
Top Player Replays
Match Explorer
How It Works
Community
CoH3 Stats
Reddit
Sign in to upload your games and track your stats! →
Sign in with Steam
Match 39370178
Unlisted
Match 39370178
Overview
Messages
Build Orders
End
Panzergrenadier Squad
250 Light Carrier
Construct Light Support Kompanie
Panzergrenadier Squad
MG34 Team
Selects Battlefield Espionage Battlegroup
Selects Intel Disruption Beacon
Fire Support Elements
Flakvierling Half-track
250 Light Carrier
Combat Half-tracks
Vehicle Survival Package
Selects Plunder
Construct Panzerarmee Kommand
Jishinki
kenleung
Archibald
ninjayas
computerplayer66
XYZ
....
Nolo
0
0
Comments
sign in to comment!
No comments posted yet!